 Dungeon Crawl Stone Soup version 0.32-a0-132-g2d33c3cfaf (webtiles) character file.

Game seed: 11961759152189205265

23 SmokeWeed the Sneak (level 2, 0/13 HPs)
             Began as a Spriggan Enchanter on Feb 9, 2024.
             Slain by a hobgoblin (1 damage)
             ... on level 2 of the Dungeon.
             The game lasted 00:01:08 (784 turns).

SmokeWeed the Sneak (Spriggan Enchanter)             Turns: 784, Time: 00:01:08

Health: 0/13       AC:  2    Str:  4    XL:     2   Next: 75%
Magic:  6/6        EV: 17    Int: 16    God:
Gold:   20         SH:  0    Dex: 15    Spells: 4/6 levels left

rFire   . . .        a - +1 dagger
rCold   . . .        (no shield)
rNeg    . . .        b - +0 robe
rPois   .            (helmet restricted)
rElec   .            (no cloak)
rCorr   .            (gloves unavailable)
SInv    +            (boots unavailable)
Will    .....        (no amulet)
Stlth   +++          (no ring)
HPRegen 0.22/turn    (no ring)
MPRegen 0.10/turn

%: no passive effects
@: lethally poisoned (0 -> -1), very quick
A: very small, no large weapons, unfitting armour, see invisible, speed 3
a: no special abilities


You were on level 2 of the Dungeon.
You visited 1 branch of the dungeon, and saw 2 of its levels.

You collected 20 gold pieces.

Inventory:

Hand Weapons
 a - a +1 dagger (weapon)
Armour
 b - a +0 robe (worn)
Scrolls
 k - a scroll of identify {unknown}
Potions
 c - 2 potions of invisibility
 d - a potion of brilliance {unknown}
 e - a potion of degeneration {unknown}
 f - a potion of mutation {unknown}
 g - a potion of ambrosia {unknown}
 h - a potion of cancellation {unknown}
 i - a potion of attraction {unknown}
 j - a potion of berserk rage {unknown}


   Skills:
 - Level 1.1 Short Blades
 - Level 3.1 Dodging
 + Level 5.4 Stealth
 - Level 2.6 Spellcasting
 - Level 4.0 Hexes


You had 4 spell levels left.
You knew the following spells:

 Your Spells              Type           Power      Damage    Failure   Level
a - Ensorcelled Hibernat  Hex/Ice        16%        N/A       13%         2

Your spell library contained the following spells:

 Spells                   Type           Power      Damage    Failure   Level
 Confusing Touch          Hex            15%        N/A       11%         3
 Tukima's Dance           Hex            15%        N/A       11%         3
 Dazzling Flash           Conj/Hex       16%        N/A       26%         3


Dungeon Overview and Level Annotations

Branches:
Dungeon (2/15)

Altars:


Innate Abilities, Weirdness & Mutations

You are very small and have problems with some larger weapons.
You are too small for most types of armour.
You have supernaturally acute eyesight. (SInv)
You cover ground extremely quickly. (Speed+++)


Message History

You hit the endoplasm.
You kill the endoplasm!
No target in view!
No target in view!
HP restored.
k - a scroll labelled XAWISAIGUQU An adder comes into view.
Found 14 gold pieces.
A hobgoblin comes into view.
You see here a scroll labelled ELUG AZIFAFRAG.
You hit the adder.
The adder is lightly wounded.
The adder completely misses you.
You hit the adder.
The adder is moderately wounded.
The hobgoblin completely misses you. The adder completely misses you.
You hit the adder.
The adder is moderately wounded.
The hobgoblin barely misses you. The adder bites you.
You are poisoned.
The adder poisons you!
You hit the adder.
The adder is severely wounded.
You feel sick. The adder misses you.
The hobgoblin hits you but does no damage.
You hit the adder but do no damage.
The adder is severely wounded.
You feel sick. The adder bites you. The hobgoblin closely misses you.
You are too injured to fight recklessly!
You are too injured to fight recklessly!
You hit the adder.
The adder is almost dead.
You feel sick. The adder bites you.
* * * LOW HITPOINT WARNING * * *
The hobgoblin closely misses you. The adder completely misses you.
You hit the adder.
The adder is almost dead.
* * * LOW HITPOINT WARNING * * *
You feel sick. The adder barely misses you. The hobgoblin hits you.
You die...

#..........###
#########.....# ...
#....## #.#####....# #
#...#.?....####.#
#........#..).##.
######.........###...
#....................
#..g@...............#
#...S.....####.<.....
#...$..............#####
..................##
......#############
#..... #..... #.....


You could see an adder and a hobgoblin.

Vanquished Creatures
  2 dart slugs
  An endoplasm (D:2)
  A goblin (D:2)
  A hobgoblin (D:2)
  7 ball pythons (D:1)
  4 bats (D:1)
  3 rats (D:1)
19 creatures vanquished.

Notes
Turn   | Place    | Note
-------+----------+-------------------------------------------
     0 | D:1      | SmokeWeed the Spriggan Enchanter began the quest for the
                  | Orb.
     0 | D:1      | Reached XP level 1. HP: 9/9 MP: 5/5
   207 | D:1      | Found a faded altar of an unknown god.
   316 | D:1      | Reached XP level 2. HP: 13/13 MP: 6/6
   319 | D:1      | Learned a level 2 spell: Ensorcelled Hibernation
   439 | D:1      | Reached skill level 5 in Stealth
   784 | D:2      | Slain by a hobgoblin

Illustrated notes

Levels and vault maps discovered:
D:1:      minmay_arrival_stair_chambers, layout_loops_ring,
          hellmonk_ecumenical_altar_run_dry
D:2:      layout_rooms, uniq_natasha

Skill      XL: |  1  2 |
---------------+-------+-----
Hexes          | 4 |  4.0
Dodging        | 3 |  3.1
Stealth        | 5 |  5.4
Short Blades   | |  1.1
Spellcasting   | |  2.6

Action                     || total
---------------------------++-------
  Melee: Dagger            ||    51
         Punch             ||     1
   Stab: Sleeping          ||     6
 Armour: Robe              ||    16
  Dodge: Dodged            ||    43

Table legend: (Time is in decaauts)
 A = Elapsed time spent in this place.
 B = Non-inter-level travel time spent in this place.
 C = Inter-level travel time spent in this place.
 D = Time resting spent in this place.
 E = Time spent auto-exploring this place.
 F = Levels seen in this place.
 G = Mean time per level.
                   A        B        C        D        E       F      G
               +--------+--------+--------+--------+--------+-----+--------+
         Total |    503 |    468 |     35 |      0 |    362 |   2 |  251.5 |
       Dungeon |    503 |    468 |     35 |      0 |    362 |   2 |  251.5 |
               +--------+--------+--------+--------+--------+-----+--------+

Top non-repeatable levels by time:
     D:1: 463 daAuts
     D:2: 40 daAuts
